 Dungeon Crawl Stone Soup version 0.25.1-2-g60ff931df9 (webtiles) character file.

Game seed: 3303547143473482380

10619 DogServant the Nimble (level 11, 0/135 HPs)
             Began as a Merfolk Gladiator on Nov 8, 2020.
             Was an Elder of Makhleb.
             Slain by a centaur (3 damage)
             ... on level 10 of the Dungeon.
             The game lasted 00:14:25 (10560 turns).

DogServant the Nimble (Merfolk Gladiator)          Turns: 10560, Time: 00:14:25

Health: 0/135      AC: 25    Str: 17    XL:     11   Next: 64%
Magic:  24/24      EV:  2    Int:  8    God:    Makhleb [****..]
Gold:   556        SH:  0    Dex: 16    Spells: 10/10 levels left

rFire    . . .     SeeInvis .   a - +0 long sword
rCold    . . .     Gourm    .   (no shield)
rNeg     + + +     Faith    .   (armour currently unavailable)
rPois    +         Spirit   .   (helmet currently unavailable)
rElec    .         Reflect  .   (cloak currently unavailable)
rCorr    .         Harm     .   (gloves currently unavailable)
MR       .....     NoTele   +   (boots currently unavailable)
Stlth    +.........             D - amulet of the acrobat
HPRegen  0.32/turn              y - ring of magical power
MPRegen  0.19/turn              (no ring)

@: tree-form
A: (change form in water), (swift swim), (stealthy swim)
a: Minor Destruction, Lesser Servant of Makhleb, Major Destruction, Renounce
Religion


You were on level 10 of the Dungeon.
You worshipped Makhleb.
Makhleb was greatly pleased with you.
You were not hungry.
You were a tree.
You visited 1 branch of the dungeon, and saw 10 of its levels.

You collected 556 gold pieces.

Inventory:

Hand Weapons
 a - a +0 long sword (weapon)
Missiles
 i - 27 poisoned darts
 E - 7 silver javelins
 H - 9 javelins (quivered)
Armour
 e - a +1 pair of gloves (melded)
 g - a +0 cloak (melded)
 l - a +3 leather armour (melded)
 p - a +1 pair of boots (melded)
 q - a +0 helmet (melded)
Jewellery
 o - an uncursed amulet of reflection
 y - a ring of magical power (left branch)
 D - an amulet of the acrobat (around neck)
 I - an uncursed ring of stealth
Wands
 b - a wand of clouds (4)
 c - a wand of paralysis (21)
 n - a wand of digging (10)
 B - a wand of random effects (18)
Scrolls
 d - 3 scrolls of amnesia
 h - 3 scrolls of remove curse
 j - a scroll of fear {unknown}
 m - a scroll of enchant armour {unknown}
 r - a scroll of fog {unknown}
 s - 2 scrolls of immolation {unknown}
 u - a scroll of enchant weapon {unknown}
 C - a scroll of random uselessness {unknown}
 G - 2 scrolls of identify
Potions
 k - a potion of mutation
 t - a potion of brilliance
 v - 5 potions of curing
 w - a potion of lignification
 x - 3 potions of stabbing
 A - a potion of cancellation
 F - a potion of might
Comestibles
 f - 18 rations
 z - 2 chunks of flesh


   Skills:
 + Level 9.8 Fighting
 + Level 11.8 Long Blades
 - Level 2.0 Throwing
 - Level 2.0 Armour
 + Level 13.0 Dodging
 + Level 6.3 Invocations


You had 10 spell levels left.
You didn't know any spells.
Your spell library contained the following spells:

 Spells                   Type           Power        Failure   Level  Hunger
 Animate Skeleton         Necr           N/A          41%         1    ##.....
 Apportation              Tloc           #.....       41%         1    ##.....
 Corona                   Hex            #......      41%         1    ##.....
 Summon Small Mammal      Summ           #...         41%         1    ##.....


Dungeon Overview and Level Annotations

Branches:
Dungeon (10/15)            Temple (0/1) D:5            Lair (0/6) D:10
    Orc (0/2) D:10

Altars:
Ashenzari
Dithmenos
Elyvilon
Fedhas
Gozag
Makhleb
Ru
Sif Muna
Xom

Annotations:
D:6 Eustachio
D:10 2 exclusions


Message History

The two-headed ogre hits you with a +0 giant spiked club.
* * * LOW HITPOINT WARNING * * *
The centaur hits you but does no damage.
Okay, then.
Okay, then.
You slash the two-headed ogre!
You kill the two-headed ogre!
Makhleb accepts your kill.
You can now hurl Makhleb's greater destruction.
Your Dodging skill increases to level 13!
The worker ant zombie bites you but does no damage.
The centaur hits you but does no damage.
You hit the centaur.
The centaur is almost dead.
The centaur hits you but does no damage.
The worker ant zombie bites you but does no damage.
You hit the centaur.
The centaur is almost dead.
The centaur hits you.
You die...

..#.....#...≈...#....#
#...
..#......#######.....#
#... ..#.....##
#.....# #... ###.....#
#...(.# #... ........#
#....(#########...
##'#....#
#.................
...'....#
#...#######...####
...#....# #.[.# #...#
...#....# #♣..# #...#
...#...........)cZ.#
#...#
...#...............#
+...####
...#.............?.#
#....... ...#
O.............
........ ......$.####
#### #### ...###<.#
.... ... #..# ....


You could see a centaur and a worker ant zombie.

Vanquished Creatures
  3 two-headed ogres
  A cyclops (D:10)
  Maurice (D:10)
  A gargoyle (D:10)
  A centaur skeleton (D:10)
  A troll (D:9)
  A hornet (D:10)
  2 hippogriffs
  2 dream sheep (D:8)
  17 yaks
  A steam dragon (D:10)
  A hungry ghost (D:10)
  Menkaure (D:7)
  3 orc warriors
  A black bear (D:5)
  2 sky beasts
  3 phantoms
  An ice beast (D:5)
  A necrophage (D:10)
  5 centaurs
  2 ogres
  Blork the orc (D:9)
  2 big kobolds (D:8)
  4 bullfrogs
  4 scorpions
  2 howler monkeys
  A bullfrog zombie (D:5)
  5 crimson imps
  2 quasits
  A gnoll shaman (D:9)
  4 orc priests
  3 hounds (D:9)
  9 orc wizards
  9 worker ants
  A hound zombie (D:7)
  A worker ant zombie (D:5)
  8 gnolls
  8 adders
  2 shadow imps
  3 oozes
  2 adder zombies
  An adder skeleton (D:5)
  2 worms
  A dart slug (D:5)
  4 leopard geckos
  18 orcs
  5 giant cockroaches
  7 goblins
  8 hobgoblins
  16 jackals
  5 quokkas
  A ball python skeleton (D:4)
  3 bats (D:2)
  A frilled lizard (D:1)
  3 kobolds
  A leopard gecko zombie (D:6)
  A quokka zombie (D:6)
  9 rats
209 creatures vanquished.

Vanquished Creatures (others)
  A jackal skeleton (D:5)
1 creature vanquished.

Grand Total: 210 creatures vanquished

Notes
Turn   | Place    | Note
-------+----------+-------------------------------------------
     0 | D:1      | DogServant the Merfolk Gladiator began the quest for the
                  | Orb.
     0 | D:1      | Reached XP level 1. HP: 16/16 MP: 1/1
   246 | D:1      | Reached XP level 2. HP: 23/23 MP: 2/2
   292 | D:1      | Reached XP level 3. HP: 22/28 MP: 3/3
   881 | D:2      | Found a burning altar of Makhleb.
   892 | D:2      | Became a worshipper of Makhleb the Destroyer
   974 | D:2      | Found a shimmering altar of Xom.
  1213 | D:2      | Noticed a bullfrog
  1224 | D:2      | Killed a bullfrog
  1224 | D:2      | Reached XP level 4. HP: 19/35 MP: 4/4
  1226 | D:2      | Reached skill level 5 in Dodging
  1241 | D:2      | Reached XP level 5. HP: 15/41 MP: 5/5
  1548 | D:3      | You fall into a shaft and drop 3 floors!
  1574 | D:6      | Reached skill level 5 in Long Blades
  1577 | D:6      | Noticed Eustachio
  1583 | D:6      | Noticed an ice beast
  1590 | D:5      | Entered Level 5 of the Dungeon
  1590 | D:5      | Noticed a black bear
  1594 | D:5      | Found a shadowy altar of Dithmenos.
  1594 | D:5      | Noticed a phantom
  1623 | D:5      | Killed a black bear
  1623 | D:5      | Reached XP level 6. HP: 23/48 MP: 6/6
  1641 | D:5      | Killed a phantom
  1961 | D:5      | Noticed a sky beast
  2002 | D:5      | Killed a sky beast
  2002 | D:5      | Reached skill level 6 in Dodging
  2016 | D:5      | Reached XP level 7. HP: 29/55 MP: 7/7
  3184 | D:4      | Reached skill level 7 in Dodging
  3476 | D:3      | Found a white marble altar of Elyvilon.
  4208 | D:4      | Reached * piety under Makhleb
  4208 | D:4      | Reached XP level 8. HP: 22/61 MP: 8/8
  4732 | D:5      | Found a staircase to the Ecumenical Temple.
  4962 | D:5      | Reached skill level 8 in Dodging
  5092 | D:5      | Found a sacrificial altar of Ru.
  5096 | D:5      | Found an opulent altar of Gozag.
  5769 | D:6      | Reached ** piety under Makhleb
  5862 | D:7      | Reached skill level 1 in Armour
  5868 | D:7      | Noticed Menkaure
  5883 | D:7      | Killed Menkaure
  5883 | D:7      | Reached skill level 5 in Fighting
  5883 | D:7      | Reached XP level 9. HP: 44/68 MP: 9/9
  6114 | D:7      | Reached skill level 10 in Long Blades
  6130 | D:7      | Reached skill level 9 in Dodging
  6469 | D:7      | Found an opulent altar of Gozag.
  6551 | D:7      | Found a shattered altar of Ashenzari.
  6971 | D:8      | Reached skill level 10 in Dodging
  7099 | D:8      | Noticed a three-headed hydra
  7138 | D:9      | Reached XP level 10. HP: 79/79 MP: 10/10
  7148 | D:9      | Noticed a two-headed ogre
  7157 | D:9      | Killed a two-headed ogre
  7157 | D:9      | Reached skill level 11 in Dodging
  7157 | D:9      | Reached skill level 1 in Invocations
  7299 | D:9      | Reached *** piety under Makhleb
  7640 | D:9      | Noticed Blork the orc
  7664 | D:9      | Killed Blork the orc
  7743 | D:9      | Found a shimmering blue altar of Sif Muna.
  7905 | D:9      | Found a blossoming altar of Fedhas.
  8285 | D:9      | Noticed a two-headed ogre
  8302 | D:9      | Killed a two-headed ogre
  8569 | D:10     | Entered Level 10 of the Dungeon
  8569 | D:10     | Noticed Maurice
  8644 | D:10     | Killed Maurice
  8846 | D:10     | Noticed a gargoyle
  8862 | D:10     | Killed a gargoyle
  8862 | D:10     | Reached skill level 12 in Dodging
  8917 | D:10     | Reached XP level 11. HP: 87/87 MP: 14/14
  8964 | D:10     | Reached skill level 5 in Invocations
  9494 | D:10     | Found a staircase to the Lair.
  9691 | D:10     | Noticed a two-headed ogre
  9723 | D:10     | Noticed a cyclops
  9752 | D:10     | Killed a cyclops
 10301 | D:10     | Found a staircase to the Orcish Mines.
 10557 | D:10     | HP: 3/135 [two-headed ogre/+0 giant spiked club (4)]
 10558 | D:10     | Killed a two-headed ogre
 10558 | D:10     | Reached **** piety under Makhleb
 10558 | D:10     | Reached skill level 13 in Dodging
 10560 | D:10     | Slain by a centaur

Illustrated notes

Levels and vault maps discovered:
D:1:      elethiomel_arrival_shortcut, layout_basic, st_stairs_8,
          minmay_misc_feat_encased
D:2:      layout_basic, nicolae_overflow_crystal_walls, xom_teletrap_fun
D:3:      layout_basic, overflow_temple_1_default
D:4:      layout_loops_corners
D:5:      minmay_bubble_buster, layout_cave_pools, lemuel_crystal_altar,
          grunt_dithmenos_shadows, minmay_temple_entry_poolview, first_ration,
          nicolae_gozag_seed_capital
D:6:      layout_cave_pools, kiku_gazebo_garden_becter, kennysheep_mini,
          overflow_temple_1_default, serial_shops, kennysheep_mini_moat,
          uniq_eustachio
D:7:      layout_basic, ashenzari_altar_1, lemuel_doored_altar, uniq_menkaure
D:8:      layout_basic, hangedman_ranch [blue_anna_fruit_fields]
D:9:      layout_roguey, kennysheep_little_box, tgw_sif, minmay_liquid_box,
          dk_noncrumbling_3
D:10:     layout_irregular_city, dpeg_oklobed_lair, orc_0_dummy, uniq_maurice

Skill      XL: |  1  2  3  4  5  6  7  8  9 10 11 |
---------------+----------------------------------+-----
Long Blades    | 4 5 6 7 9 10 11 | 11.8
Fighting       | 3 4 5 7 8 9 |  9.8
Dodging        | 5 6 7 8 10 12 13 | 13.0
Armour         | 1 2 |  2.0
Invocations    | 4 6 |  6.3
Throwing       | |  2.0

Action                   |  1- 3 |  4- 6 |  7- 9 | 10-12 || total
-------------------------+-------+-------+-------+-------++-------
Melee: Long sword        |    78 |    75 |   483 |   511 ||  1147
Throw: Throwing net      |     2 |       |     1 |     2 ||     5
       Dart              |       |       |     2 |     9 ||    11
       Javelin           |       |       |       |    14 ||    14
Invok: Minor Destruction |       |       |     3 |       ||     3
  Use: Potion            |       |     2 |     3 |     7 ||    12
       Scroll            |       |     2 |     6 |     2 ||    10
 Stab: Held in net/web   |     1 |       |     1 |     4 ||     6
       Sleeping          |       |       |     1 |     2 ||     3
  Eat: Chunk             |     1 |     2 |    11 |    14 ||    28
       Ration            |       |       |     2 |       ||     2
Armor: Leather armour    |    25 |    22 |   139 |    78 ||   264
       Skin              |       |    97 |    33 |    20 ||   150
Dodge: Dodged            |    74 |    61 |   400 |   377 ||   912
Block: Other             |       |    29 |   105 |    13 ||   147
       Reflection        |       |       |     4 |       ||     4
       Rpst.: Long sword |    20 |    19 |    97 |   100 ||   236
